 Dungeon Crawl Stone Soup version 0.29-a0-352-g0917bc69df (webtiles) character file.

Game seed: 5042206921479424440

114 safyre the Conjurer (level 4, -2/18 HPs)
             Began as a Felid Conjurer on Apr 24, 2022.
             Slain by a bullfrog (7 damage)
             ... in a sewer.
             The game lasted 00:15:20 (2857 turns).

safyre the Conjurer (Felid Conjurer)                Turns: 2857, Time: 00:15:20

Health: -2/18      AC:  1    Str:  3    XL:     4   Next: 67%
Magic:  17/18      EV: 18    Int: 21    God:
Gold:   167        SH:  0    Dex: 14    Spells: 6/9 levels left
                                        Lives:  0   Deaths: 1

rFire   . . .      SeeInvis +   (weapon unavailable)
rCold   . . .      Faith    .   (shield unavailable)
rNeg    . . .      Spirit   .   (body armour unavailable)
rPois   .          Reflect  .   (helmet unavailable)
rElec   .          Harm     .   (cloak unavailable)
rCorr   .          Rampage  .   (gloves unavailable)
Will    .....                   (boots unavailable)
Stlth   +.........              (no amulet)
HPRegen 0.06/turn               d - ring of magical power
MPRegen 0.16/turn               (no ring)

@: very slow
A: very small, claws 1, fangs 3, see invisible, speed 1, shaggy fur 1, stealthy
paws, no weapons or thrown items, no armour, multi-lived
a: no special abilities


You were in a sewer.
You visited 1 branch of the dungeon, and saw 3 of its levels.
You also visited: Sewer.

You collected 167 gold pieces.

Inventory:

Jewellery
 d - a ring of magical power (left paw)
 f - a ring of ice
Scrolls
 b - a scroll of blinking
 c - 8 scrolls of identify
 g - a scroll of enchant weapon {unknown}
Potions
 a - a potion of magic
 e - a potion of ambrosia {unknown}


   Skills:
 + Level 3.8 Dodging
 + Level 3.9 Stealth
 * Level 3.1 Spellcasting
 + Level 4.6 Conjurations


You had 6 spell levels left.
You knew the following spells:

 Your Spells              Type           Power      Damage    Failure   Level
a - Magic Dart            Conj           88%        1d7       1%          1
b - Searing Ray           Conj           44%        2d6       3%          2

Your spell library contained the following spells:

 Spells                   Type           Power      Damage    Failure   Level
 Summon Small Mammal      Summ           12%        N/A       13%         1
 Dazzling Flash           Conj/Hex       26%        N/A       16%         3
 Call Canine Familiar     Summ           3%         N/A       36%         3
 Summon Guardian Golem    Hex/Summ       3%         N/A       36%         3
 Fulminant Prism          Conj/Hex       6%         3d7       45%         4
 Iskenderun's Mystic Bla  Conj/Tloc      13%        2d5       45%         4


Dungeon Overview and Level Annotations

Branches:
Dungeon (3/15)              Sewer (1/1)

Altars:


Innate Abilities, Weirdness & Mutations

You have sharp claws.
You have razor-sharp teeth.
You have supernaturally acute eyesight. (SInv)
You cover ground quickly. (Speed+)
You are covered in fur. (AC +1)
Your paws help you pounce on unaware monsters.
You are incapable of wielding weapons or throwing items.
You cannot wear armour.
You gain extra lives every three experience levels.


Message History

The searing ray misses the giant cockroach.
The searing ray hits the giant cockroach.
You kill the giant cockroach!
You finish channelling your searing ray.
You start resting.
Magic restored.
You see here an adder corpse.
A ball python comes into view.
Aiming: Magic Dart (safe; 1% risk of failure)
Press: ? - help, Q - select action, (/) - cycle Shift-Dir - straight line, f - ball python
Aim: a ball python (water, 100% to hit)
The magic dart hits the ball python.
You kill the ball python!
You enter the shallow water.
Moving in this stuff is going to be slow.
You enter the shallow water.
Moving in this stuff is going to be slow.
You enter the shallow water.
Moving in this stuff is going to be slow.
You enter the shallow water.
Moving in this stuff is going to be slow.
You enter the shallow water.
Moving in this stuff is going to be slow.
Found a gate leading back out of this place.
You enter the shallow water.
Moving in this stuff is going to be slow.
A bullfrog comes into view.
A bullfrog comes into view.
The bullfrog croaks.
The bullfrog gives a loud, deep croak!
The bullfrog hits you but does no damage.
The bullfrog barely misses you. The bullfrog hits you!
Aiming: Magic Dart (safe; 1% risk of failure)
Press: ? - help, Q - select action, (/) - cycle Shift-Dir - straight line, f - bullfrog
Aim: a bullfrog (water, 100% to hit)
The magic dart hits the bullfrog.
The bullfrog is lightly wounded.
The bullfrog barely misses you. The bullfrog hits you!
* * * LOW HITPOINT WARNING * * *
The bullfrog hits you!
You die...

#..≈≈≈≈≈≈≈≈≈≈≈≈≈≈≈≈≈≈≈.#
#.≈≈≈≈≈≈≈≈≈≈≈≈≈≈≈≈≈≈≈≈.#
#÷≈≈≈≈≈≈≈≈≈≈≈≈≈≈≈≈≈≈≈≈≈#
#.≈≈≈≈..≈≈≈≈≈≈≈≈≈≈.≈≈≈≈#
#.≈≈≈.≈≈≈≈≈≈≈≈########.#
#.≈≈≈.≈≈≈≈≈≈≈≈≈## #.#
#.≈≈≈≈≈≈≈≈≈≈≈≈≈≈# #≈#
#.≈≈≈≈≈≈≈≈≈≈≈≈≈≈# #≈#
#.≈≈≈≈≈≈≈@F≈≈≈≈≈≈# #≈#
#.≈≈≈≈≈≈≈≈F≈≈.∩≈≈# #≈#
#.≈≈≈≈≈≈≈≈..≈.≈≈≈# #≈#
#.≈≈≈≈≈≈≈≈≈≈..≈≈≈≈# #.#
### #.≈≈≈≈≈≈.≈≈.≈≈≈≈≈≈#
#.# #.#
#.≈≈≈≈≈≈≈≈≈$?≈≈≈≈≈# #.#
#∩# #.≈≈≈≈≈≈≈≈?$$.≈≈≈≈
#.# #.#
#.≈≈≈≈≈≈≈≈≈$..≈≈≈ #.#
#∩# #.≈≈≈.≈≈≈≈≈.≈≈≈≈ #.#


You could see 2 bullfrogs.

Vanquished Creatures
  An orc wizard (D:3)
  6 adders
  An orc (D:3)
  4 endoplasms
  10 giant cockroaches
  2 goblins (D:1)
  10 hobgoblins
  2 jackals (D:1)
  10 kobolds
  4 quokkas
  11 ball pythons
  5 bats
  11 frilled lizards
  5 rats
82 creatures vanquished.

Notes
Turn   | Place    | Note
-------+----------+-------------------------------------------
     0 | D:1      | safyre the Felid Conjurer began the quest for the Orb.
     0 | D:1      | Reached XP level 1. HP: 7/7 MP: 4/4
   150 | D:1      | Reached XP level 2. HP: 11/11 MP: 3/6
   218 | D:1      | Reached skill level 4 in Conjurations
   533 | D:1      | Learned a level 2 spell: Searing Ray
  1233 | D:2      | Reached XP level 3. HP: 14/14 MP: 7/7
  2207 | D:3      | Reached XP level 4. HP: 9/18 MP: 9/9
  2216 | D:3      | Succumbed to an orc's poison
  2217 | D:3      | Reached XP level 3. HP: 0/14 MP: 2/17
  2332 | D:3      | Found a glowing drain.
  2347 | Sewer    | Entered a sewer
  2544 | Sewer    | Reached XP level 4. HP: 18/18 MP: 9/9
  2852 | Sewer    | Noticed a bullfrog
  2854 | Sewer    | Noticed a bullfrog
  2857 | Sewer    | Slain by a bullfrog

Illustrated notes

Levels and vault maps discovered:
D:1:      moated_graveyard_arrival, layout_basic
D:2:      layout_basic, chequers_jeans, minmay_fountain_box,
          kennysheep_generic_room_15
D:3:      layout_loops_ring, portal_sewer_entry_b, st_stairs_3
Sewer:    sewer_frog_island_01

Skill      XL: |  1  2  3  4 |
---------------+-------------+-----
Conjurations   | 4 |  4.6
Dodging        | 3 |  3.8
Stealth        | 3 |  3.9
Spellcasting   | 3 |  3.1

Action                   |  1- 3 |  4- 6 || total
-------------------------+-------+-------++-------
Melee: Unarmed           |    14 |    12 ||    26
       Bite              |     2 |     1 ||     3
 Cast: Magic Dart        |    97 |     9 ||   106
       Searing Ray       |    13 |     7 ||    20
  Use: Scroll            |     6 |       ||     6
       Potion            |     2 |       ||     2
Armor: Skin              |     4 |     3 ||     7
Dodge: Dodged            |    50 |    25 ||    75

Table legend: (Time is in decaauts)
 A = Elapsed time spent in this place.
 B = Non-inter-level travel time spent in this place.
 C = Inter-level travel time spent in this place.
 D = Time resting spent in this place.
 E = Time spent auto-exploring this place.
 F = Levels seen in this place.
 G = Mean time per level.
                   A        B        C        D        E       F      G
               +--------+--------+--------+--------+--------+-----+--------+
         Total |   2602 |   2602 |      0 |    884 |    924 |   4 |  650.5 |
       Dungeon |   2087 |   2087 |      0 |    600 |    880 |   3 |  695.7 |
         Sewer |    515 |    515 |      0 |    284 |     44 |   1 |  515.0 |
               +--------+--------+--------+--------+--------+-----+--------+

Top non-repeatable levels by time:
     D:1: 1092 daAuts
     D:2: 785 daAuts
   Sewer: 515 daAuts
     D:3: 209 daAuts
